 Dungeon Crawl Stone Soup version 0.30-a0-360-g447f08457e (webtiles) character file.

Game seed: 16660518223574588412

92 freelancePsychic the Stinger (level 4, -5/38 HPs)
             Began as a Hill Orc Venom Mage on Nov 14, 2022.
             Slain by a gnoll
             ... wielding a +0 flail
              (10 damage)
             ... on level 1 of the Dungeon.
             The game lasted 00:03:34 (1886 turns).

freelancePsychic the Stinger (Hill Orc Venom Mage)  Turns: 1886, Time: 00:03:34

Health: -5/38      AC:  2    Str: 10    XL:     4   Next: 60%
Magic:  1/6        EV: 12    Int: 17    God:
Gold:   122        SH:  0    Dex: 11    Spells: 5/6 levels left

rFire   . . .      SeeInvis .    g - +0 dagger
rCold   . . .      Faith    .    (no shield)
rNeg    . . .      Spirit   .    a - +0 robe
rPois   .          Reflect  .    (no helmet)
rElec   .          Harm     .    (no cloak)
rCorr   .          Rampage  .    (no gloves)
Will    .....                    (no boots)
Stlth   ++........               (no amulet)
HPRegen 0.26/turn                (no ring)
MPRegen 0.10/turn                (no ring)

@: very slightly contaminated
A: no striking features
a: no special abilities


You were on level 1 of the Dungeon.
You visited 1 branch of the dungeon, and saw 2 of its levels.

You collected 122 gold pieces.

Inventory:

Hand Weapons
 g - a +0 dagger (weapon)
Armour
 a - a +0 robe (worn)
Scrolls
 e - 2 scrolls of fear
 h - a scroll of teleportation {@r4}
 i - a scroll of torment {unknown}
 k - 2 scrolls of identify {@r1}
Potions
 b - a potion of magic
 c - a potion of heal wounds {unknown}
 d - a potion of invisibility {unknown}
 f - a potion of curing {unknown}
 j - a potion of degeneration {unknown}
 l - a potion of attraction {unknown}


   Skills:
 + Level 3.3 Fighting
 - Level 1.5 Dodging
 - Level 1.5 Stealth
 - Level 1.5 Spellcasting
 - Level 0.6 Transmutations
 + Level 3.8 Poison Magic


You had 5 spell levels left.
You knew the following spells:

 Your Spells              Type           Power      Damage    Failure   Level
a - Sting                 Tmut/Pois      32%        1d4       9%          1

Your spell library contained the following spells:

 Spells                   Type           Power      Damage    Failure   Level
 Poisonous Vapours        Pois/Air       14%        N/A       14%         2
 Mephitic Cloud           Conj/Pois/Air  5%         N/A       34%         3
 Olgreb's Toxic Radiance  Pois           14%        N/A       38%         4


Dungeon Overview and Level Annotations

Branches:
Dungeon (2/15)

Altars:
Zin


Message History

You climb upwards.
There is a stone staircase leading down here.
You start resting.
HP restored.
You start resting.
Magic restored.
You climb downwards.
The gnoll hits you with a +0 flail!
There is a stone staircase leading up, spattered with blood here.
The sting misses the gnoll.
The gnoll closely misses you. The gnoll hits you with a +0 flail!
The gnoll barely misses you. The gnoll hits you with a +0 flail!
You climb upwards.
There is a stone staircase leading down here.
Aiming: Sting (safe; 9% risk of failure)
Press: ? - help, Q - select action Shift-Dir - straight line, f - gnoll
Aim: a gnoll, wielding a +0 flail (moderately wounded, 72% to hit)
You miscast Sting.
You are very lightly contaminated with residual magic.
Nothing appears to happen.
The gnoll closely misses you.
Aiming: Sting (safe; 9% risk of failure)
Press: ? - help, Q - select action Shift-Dir - straight line, f/p - gnoll
Aim: a gnoll, wielding a +0 flail (moderately wounded, 72% to hit)
The sting hits the gnoll.
The gnoll is poisoned.
The gnoll is heavily wounded.
The gnoll barely misses you.
Aiming: Sting (safe; 9% risk of failure)
Press: ? - help, Q - select action Shift-Dir - straight line, f/p - gnoll
Aim: a gnoll, wielding a +0 flail (heavily wounded, poisoned, 72% to hit)
You miscast Sting.
Nothing appears to happen.
The gnoll hits you with a +0 flail!
* * * LOW HITPOINT WARNING * * *
Aiming: Sting (safe; 9% risk of failure)
Press: ? - help, Q - select action Shift-Dir - straight line, f/p - gnoll
Aim: a gnoll, wielding a +0 flail (heavily wounded, poisoned, 72% to hit)
The sting hits the gnoll but does no damage.
The gnoll looks even sicker.
The gnoll is heavily wounded.
The gnoll hits you with a +0 flail!
You die...

##### ######## #....
#@g....# #.###
##.####.# #.###
##..####.#######...#
#...................
#.##.###.###.###.##.
#.#...............#.
#.†.##.###.###.##...
#.#.#...........#.##
#)#...##.###.##...#


You could see a gnoll (very poisoned).

Vanquished Creatures
  2 gnolls
  2 adders (D:2)
  3 dart slugs (D:1)
  4 ball pythons
  4 endoplasms
  3 giant cockroaches
  9 goblins
  2 hobgoblins
  4 jackals (D:1)
  2 quokkas (D:2)
  A bat (D:1)
  3 frilled lizards (D:1)
  3 kobolds
  4 rats
46 creatures vanquished.

Notes
Turn   | Place    | Note
-------+----------+-------------------------------------------
     0 | D:1      | freelancePsychic the Hill Orc Venom Mage began the quest
                  | for the Orb.
     0 | D:1      | Reached XP level 1. HP: 14/14 MP: 3/3
   194 | D:1      | Reached skill level 1 in Fighting
   248 | D:1      | Reached XP level 2. HP: 23/23 MP: 2/4
   479 | D:1      | Reached XP level 3. HP: 15/29 MP: 1/5
   830 | D:1      | HP: 1/30 [gnoll/+0 flail (1)]
  1159 | D:2      | Found a glowing silver altar of Zin.
  1363 | D:2      | Reached XP level 4. HP: 22/37 MP: 2/6
  1886 | D:1      | Slain by a gnoll

Illustrated notes

Levels and vault maps discovered:
D:1:      dpeg_arrival_snail, layout_basic,
          nicolae_concentric_dashed_squares_mild
D:2:      layout_loops_ring, basic_altar, nicolae_figureground_pulse

Skill      XL: |  1  2  3  4 |
---------------+-------------+-----
Fighting       | 1 2 3 |  3.3
Poison Magic   | 3 |  3.8
Dodging        | |  1.5
Stealth        | |  1.5
Spellcasting   | |  1.5
Transmutations | |  0.6

Action                   |  1- 3 |  4- 6 || total
-------------------------+-------+-------++-------
Melee: Unarmed           |     3 |       ||     3
       Dagger            |    84 |    26 ||   110
       Punch             |     1 |       ||     1
 Cast: Sting             |    42 |    14 ||    56
  Use: Scroll            |     3 |       ||     3
       Potion            |     1 |       ||     1
 Stab: Sleeping          |     1 |       ||     1
Armor: Skin              |    32 |       ||    32
       Robe              |    11 |     4 ||    15
Dodge: Dodged            |    88 |    22 ||   110

Table legend: (Time is in decaauts)
 A = Elapsed time spent in this place.
 B = Non-inter-level travel time spent in this place.
 C = Inter-level travel time spent in this place.
 D = Time resting spent in this place.
 E = Time spent auto-exploring this place.
 F = Levels seen in this place.
 G = Mean time per level.
                   A        B        C        D        E       F      G
               +--------+--------+--------+--------+--------+-----+--------+
         Total |   1886 |   1868 |     18 |     41 |   1458 |   2 |  943.0 |
       Dungeon |   1886 |   1868 |     18 |     41 |   1458 |   2 |  943.0 |
               +--------+--------+--------+--------+--------+-----+--------+

Top non-repeatable levels by time:
     D:1: 1179 daAuts
     D:2: 707 daAuts
